[Event "101st Irish Championship 2022"]
[Site "Dublin"]
[Date "2022.07.08"]
[Round "7.7"]
[White "O'Connell, Gerard"]
[Black "Mats, Diana"]
[Result "0-1"]
[ECO "E59"]
[WhiteElo "2052"]
[BlackElo "2028"]
[Annotator "NA RC"]
[PlyCount "52"]
[EventDate "2022.07.05"]
[EventType "swiss"]
[EventCountry "IRL"]
[SourceTitle "playchess.com"]
[Source "ChessBase"]
[SourceQuality "1"]
[TimeControl "40/6300+30:1800+30"]

1. d4 Nf6 2. c4 e6 3. Nc3 Bb4 4. e3 d5 5. Bd3 O-O 6. Nf3 dxc4 7. Bxc4 c5 8. O-O Nc6 9. a3 Bxc3 10. bxc3 b6 11. dxc5 bxc5 12. Qa4 Qc7 13. e4 Nxe4 14. Bd3 Nd6 15. Bxh7+ Kxh7 16. Qh4+ Kg8 17. Ng5 Re8 18. Qh7+ Kf8 19. Qh8+ Ke7 20. Qxg7 Ba6 21. Nh7 Bxf1 22. Bg5+ Kd7 23. Nf6+ Kc8 24. Nxe8 Nxe8 25. Qf8 Bd3 26. Qxe8+ Kb7 0-1

[Event "101st Irish Championship 2022"]
[Site "Dublin"]
[Date "2022.07.08"]
[Round "7.8"]
[White "Liu, Jason"]
[Black "Keenan, Cathal"]
[Result "1-0"]
[ECO "B33"]
[WhiteElo "1746"]
[BlackElo "1811"]
[Annotator "NA RC"]
[PlyCount "75"]
[EventDate "2022.07.05"]
[EventType "swiss"]
[EventCountry "IRL"]
[SourceTitle "playchess.com"]
[Source "ChessBase"]
[SourceQuality "1"]
[TimeControl "40/6300+30:1800+30"]

1. e4 c5 2. Nf3 Nc6 3. d4 cxd4 4. Nxd4 Nf6 5. Nc3 e5 6. Ndb5 d6 7. Bg5 a6 8. Na3 b5 9. Nd5 Be7 10. Bxf6 Bxf6 11. c3 O-O 12. Nc2 Rb8 13. h4 g6 14. g3 Bg7 15. Bg2 Ne7 16. Nce3 Be6 17. O-O Bxd5 18. Nxd5 Nxd5 19. Qxd5 b4 20. c4 Rc8 21. Rfd1 Rc5 22. Qxd6 Qxd6 23. Rxd6 Rxc4 24. Rad1 Rc2 25. Rxa6 Rxb2 26. Ra7 Rc8 27. Bh3 Rf8 28. Rdd7 Re2 29. Be6 Rxe4 30. Bxf7+ Rxf7 31. Rxf7 Bf8 32. Rfd7 Rc4 33. Rac7 Rc3 34. Rxc3 bxc3 35. Rc7 Bb4 36. Kf1 Kf8 37. Ke2 e4 38. Rc4 1-0

[Event "101st Irish Championship 2022"]
[Site "Dublin"]
[Date "2022.07.08"]
[Round "7.9"]
[White "Pang, Khai Jie Ryan"]
[Black "Goss, Alex"]
[Result "1-0"]
[ECO "D02"]
[WhiteElo "1841"]
[BlackElo "1859"]
[Annotator "NA RC"]
[PlyCount "91"]
[EventDate "2022.07.05"]
[EventType "swiss"]
[EventCountry "IRL"]
[SourceTitle "playchess.com"]
[Source "ChessBase"]
[SourceQuality "1"]
[TimeControl "40/6300+30:1800+30"]

1. d4 e6 2. Nf3 Nf6 3. Bf4 d5 4. e3 c5 5. c3 Nc6 6. Nbd2 Bd6 7. Bg3 O-O 8. Bd3 Re8 9. Ne5 Qc7 10. f4 Ne7 11. O-O Nf5 12. Bf2 h5 13. h3 h4 14. Qe1 c4 15. Bc2 Nd7 16. Bxh4 f6 17. Nef3 Nf8 18. g4 Ne7 19. Bg3 g5 20. Nh2 Nfg6 21. Qf2 f5 22. Kg2 gxf4 23. exf4 b5 24. g5 Kg7 25. h4 Rh8 26. Bd1 Rxh4 27. Bxh4 Nxf4+ 28. Kh1 Neg6 29. Ndf3 Bd7 30. Ne5 Rh8 31. Bg3 Nd3 32. Qg2 Ngxe5 33. dxe5 Nxe5 34. Kg1 Qb6+ 35. Rf2 Nd3 36. Bxd6 Qxd6 37. Rf1 Nf4 38. Qd2 Nh3+ 39. Kh1 Bc6 40. Bf3 e5 41. Rad1 d4 42. cxd4 e4 43. d5 Bb7 44. Bxe4 fxe4 45. Qd4+ Kg8 46. Rf6 1-0

[Event "101st Irish Championship 2022"]
[Site "Dublin"]
[Date "2022.07.08"]
[Round "7.10"]
[White "Ivanov, Andrey A."]
[Black "O`Gorman, Alice"]
[Result "1-0"]
[ECO "C29"]
[WhiteElo "2180"]
[BlackElo "2043"]
[Annotator "RC"]
[PlyCount "51"]
[EventDate "2022.07.05"]
[EventType "swiss"]
[EventCountry "IRL"]
[SourceTitle "playchess.com"]
[Source "ChessBase"]
[SourceQuality "1"]
[TimeControl "40/6300+30:1800+30"]

1. e4 e5 2. Nc3 Nf6 3. f4 d5 4. fxe5 Nxe4 5. Nf3 Bg4 6. Qe2 Nxc3 7. dxc3 Bc5 8. Bf4 O-O 9. O-O-O c6 10. h3 Be6 11. Ng5 Qb6 12. Qh5 Be3+ 13. Kb1 h6 14. Nxe6 fxe6 15. Bxe3 Qxe3 16. Qg6 Qg5 17. Qxe6+ Kh8 18. h4 Qf5 19. Qd6 Na6 20. Bd3 Qh5 21. g4 Qxg4 22. Rhg1 Qh5 23. Rdf1 Rfd8 24. Qe7 Rg8 25. Rf7 Rge8 26. Rfxg7 1-0

[Event "101st Irish Championship 2022"]
[Site "Dublin"]
[Date "2022.07.08"]
[Round "7.11"]
[White "Doyle, Anthony"]
[Black "Fox, Anthony"]
[Result "0-1"]
[ECO "D11"]
[WhiteElo "2116"]
[BlackElo "1945"]
[Annotator "NA RC"]
[PlyCount "50"]
[EventDate "2022.07.05"]
[EventType "swiss"]
[EventCountry "IRL"]
[SourceTitle "playchess.com"]
[Source "ChessBase"]
[SourceQuality "1"]
[TimeControl "40/6300+30:1800+30"]

1. Nf3 d5 2. g3 Nf6 3. Bg2 c6 4. O-O Bg4 5. d4 e6 6. b3 Be7 7. Bb2 Nbd7 8. Nbd2 O-O 9. c4 a5 10. a3 Qc7 11. Rc1 Qb8 12. h3 Bh5 13. Qe1 Re8 14. e4 Nxe4 15. Nxe4 dxe4 16. Qxe4 Bg6 17. Qe2 Bf6 18. Rfd1 Qc7 19. Ne5 Nxe5 20. dxe5 Be7 21. Qe3 Red8 22. Bf3 h6 23. Kg2 Bg5 24. Kg1 Be7 25. h4 c5 0-1

[Event "101st Irish Championship 2022"]
[Site "Dublin"]
[Date "2022.07.09"]
[Round "8.1"]
[White "Carroll, Peter"]
[Black "Kanyamarala, Tarun"]
[Result "0-1"]
[ECO "B23"]
[WhiteElo "2116"]
[BlackElo "2379"]
[Annotator "RC"]
[PlyCount "64"]
[EventDate "2022.07.05"]
[EventType "swiss"]
[EventCountry "IRL"]
[SourceTitle "playchess.com"]
[Source "ChessBase"]
[SourceQuality "1"]
[TimeControl "40/6300+30:1800+30"]

1. e4 c5 2. Nc3 e6 3. d4 cxd4 4. Qxd4 Nc6 5. Qe3 Nf6 6. Bd3 Be7 7. h3 d6 8. Bd2 O-O 9. O-O-O a6 10. g4 d5 11. exd5 exd5 12. Qg3 d4 13. Ne4 Nd5 14. Kb1 Be6 15. a3 Nb6 16. Ne2 Nc4 17. f4 Qb6 18. Bxc4 Bxc4 19. Nc1 f5 20. gxf5 Rxf5 21. Rdg1 g6 22. h4 Rb5 23. b3 d3 24. Nxd3 Bxb3 25. cxb3 Rxb3+ 26. Kc2 Rd8 27. Nc3 Nd4+ 28. Kd1 Rxc3 29. Bxc3 Qb3+ 30. Ke1 Qb1+ 31. Kf2 Qc2+ 32. Ke3 Qe2# 0-1

[Event "101st Irish Championship 2022"]
[Site "Dublin"]
[Date "2022.07.09"]
[Round "8.2"]
[White "Li, Henry"]
[Black "O`Gorman, Tom"]
[Result "0-1"]
[ECO "B96"]
[WhiteElo "2319"]
[BlackElo "2401"]
[Annotator "RC"]
[PlyCount "80"]
[EventDate "2022.07.05"]
[EventType "swiss"]
[EventCountry "IRL"]
[SourceTitle "playchess.com"]
[Source "ChessBase"]
[SourceQuality "1"]
[TimeControl "40/6300+30:1800+30"]

1. e4 c5 2. Nf3 d6 3. d4 cxd4 4. Nxd4 Nf6 5. Nc3 a6 6. Bg5 e6 7. f4 b5 8. e5 dxe5 9. fxe5 Qc7 10. exf6 Qe5+ 11. Be2 Qxg5 12. O-O Ra7 13. Qd3 Rd7 14. Ne4 Qe5 15. Nf3 Qc7 16. Qe3 Qa7 17. Qxa7 Rxa7 18. Ne5 Bb7 19. fxg7 Bxg7 20. Nd6+ Ke7 21. Rxf7+ Kxd6 22. Rxg7 Kxe5 23. Bf3 Bxf3 24. Rxa7 Rg8 25. g3 h5 26. c3 h4 27. Re1+ Kd6 28. Kf2 Bd5 29. a3 Rf8+ 30. Ke2 Nc6 31. Rh7 hxg3 32. hxg3 Ne5 33. Ra7 Bc4+ 34. Ke3 Rf3+ 35. Kd2 Rxg3 36. Rxa6+ Kd5 37. Rxe5+ Kxe5 38. a4 Rg2+ 39. Kc1 Ke4 40. Rd6 e5 0-1

[Event "101st Irish Championship 2022"]
[Site "Dublin"]
[Date "2022.07.09"]
[Round "8.3"]
[White "Flynn, Jacob"]
[Black "Baburin, Alexander"]
[Result "0-1"]
[ECO "D36"]
[WhiteElo "2199"]
[BlackElo "2400"]
[Annotator "RC"]
[PlyCount "134"]
[EventDate "2022.07.05"]
[EventType "swiss"]
[EventCountry "IRL"]
[SourceTitle "playchess.com"]
[Source "ChessBase"]
[SourceQuality "1"]
[TimeControl "40/6300+30:1800+30"]

1. d4 d5 2. c4 e6 3. Nc3 Nf6 4. cxd5 exd5 5. Bg5 c6 6. e3 Be7 7. Bd3 O-O 8. Qc2 Nbd7 9. h3 Re8 10. Bf4 Nf8 11. Nf3 Bd6 12. Bxd6 Qxd6 13. O-O-O Be6 14. Kb1 Rac8 15. g4 c5 16. Bb5 Red8 17. g5 N6d7 18. Bxd7 Nxd7 19. dxc5 Nxc5 20. Nd4 a6 21. f4 b5 22. f5 Bd7 23. Qh2 Be8 24. Qxd6 Rxd6 25. Nb3 Nxb3 26. axb3 Bc6 27. Rd4 f6 28. h4 Re8 29. e4 b4 30. Nxd5 Bxd5 31. exd5 fxg5 32. hxg5 Re5 33. Rf1 Rdxd5 34. Rxd5 Rxd5 35. g6 hxg6 36. fxg6 Rg5 37. Rf4 a5 38. Kc2 Rxg6 39. Rf5 Ra6 40. Kd3 Kh7 41. Rb5 Kh6 42. Ke4 Rf6 43. Rxa5 g5 44. Rb5 Kh5 45. Ke3 Rf4 46. Kd2 Kh4 47. Ke3 Rg4 48. Kf2 Kh3 49. Rb8 Rf4+ 50. Kg1 Kg3 51. Rd8 Rf3 52. Rd2 Rxb3 53. Rg2+ Kf4 54. Rc2 Re3 55. Kg2 g4 56. Kf2 g3+ 57. Kg2 b3 58. Rc8 Re2+ 59. Kg1 Rxb2 60. Rc3 g2 61. Kh2 Ke4 62. Kg1 Kd4 63. Rc8 Rc2 64. Rd8+ Kc3 65. Rc8+ Kb2 66. Rb8 Ka2 67. Ra8+ Kb1 0-1

[Event "101st Irish Championship 2022"]
[Site "Dublin"]
[Date "2022.07.09"]
[Round "8.4"]
[White "O`Donnell, Conor"]
[Black "Daly, Colm"]
[Result "0-1"]
[ECO "C02"]
[WhiteElo "2269"]
[BlackElo "2190"]
[Annotator "RC"]
[PlyCount "124"]
[EventDate "2022.07.05"]
[EventType "swiss"]
[EventCountry "IRL"]
[SourceTitle "playchess.com"]
[Source "ChessBase"]
[SourceQuality "1"]
[TimeControl "40/6300+30:1800+30"]

1. d4 e6 2. e4 d5 3. e5 c5 4. c3 Ne7 5. Nf3 Nec6 6. Bd3 Nd7 7. O-O Be7 8. Re1 a5 9. Na3 cxd4 10. cxd4 Nb4 11. Bf1 Nb6 12. h4 h6 13. Nb5 a4 14. h5 Nc4 15. Nd2 Nb6 16. a3 Nc6 17. Bd3 Bd7 18. Re3 Na7 19. Nxa7 Rxa7 20. Rg3 Bf8 21. Qg4 Nc8 22. Nf3 Qb6 23. Qf4 Bb5 24. Bc2 Qc6 25. Ne1 Nb6 26. Bd2 Be2 27. Bd1 Bxd1 28. Rxd1 Nc4 29. Nd3 b6 30. Rc1 Qb5 31. Qg4 Nxd2 32. Rc8+ Kd7 33. Rc2 Nc4 34. Rf3 Kd8 35. Nf4 Qd7 36. Rd3 Rg8 37. Rd1 Rc7 38. Qe2 Be7 39. Qd3 Rh8 40. Qg3 Rg8 41. Qd3 Kc8 42. Rdc1 Kb8 43. Qh7 Qe8 44. Ne2 Qf8 45. Qd3 Rh8 46. Nc3 Qe8 47. Qg3 Rg8 48. Qd3 Qd7 49. Qh7 Rcc8 50. Ne2 f6 51. exf6 Bxf6 52. Qd3 Rc7 53. Nc3 Rgc8 54. Re2 e5 55. dxe5 Nxe5 56. Qa6 Nc4 57. Nxa4 Bd4 58. Rce1 Ra7 59. Qxc8+ Kxc8 60. Re8+ Kc7 61. R8e7 Rxa4 62. b3 Rxa3 0-1

[Event "101st Irish Championship 2022"]
[Site "Dublin"]
[Date "2022.07.09"]
[Round "8.5"]
[White "O`cuilleanain, Oisin"]
[Black "Mats, Diana"]
[Result "1-0"]
[ECO "E09"]
[WhiteElo "1936"]
[BlackElo "2028"]
[Annotator "NA RC"]
[PlyCount "51"]
[EventDate "2022.07.05"]
[EventType "swiss"]
[EventCountry "IRL"]
[SourceTitle "playchess.com"]
[Source "ChessBase"]
[SourceQuality "1"]
[TimeControl "40/6300+30:1800+30"]

1. c4 Nf6 2. Nf3 e6 3. g3 d5 4. Bg2 Be7 5. O-O O-O 6. d4 c6 7. Qc2 b6 8. Nbd2 Bb7 9. Rd1 Nbd7 10. e4 dxc4 11. Nxc4 c5 12. d5 exd5 13. exd5 Bxd5 14. Nce5 Nxe5 15. Nxe5 Qd6 16. Ng4 Nxg4 17. Bxd5 Qe5 18. Bxa8 Rxa8 19. h3 Nf6 20. Bf4 Qh5 21. Kh2 g5 22. Bd6 Bxd6 23. Rxd6 Qf3 24. Re1 Nh5 25. Re3 Qb7 26. Rh6 1-0

[Event "101st Irish Championship 2022"]
[Site "Dublin"]
[Date "2022.07.09"]
[Round "8.6"]
[White "Venkatesan, Kavin"]
[Black "Pang, Khai Jie Ryan"]
[Result "0-1"]
[ECO "E28"]
[WhiteElo "2076"]
[BlackElo "1841"]
[Annotator "NA RC"]
[PlyCount "76"]
[EventDate "2022.07.05"]
[EventType "swiss"]
[EventCountry "IRL"]
[SourceTitle "playchess.com"]
[Source "ChessBase"]
[SourceQuality "1"]
[TimeControl "40/6300+30:1800+30"]

1. d4 Nf6 2. c4 e6 3. Nc3 Bb4 4. a3 Bxc3+ 5. bxc3 c5 6. e3 b6 7. Bd3 Bb7 8. f3 Nc6 9. Ne2 O-O 10. O-O Na5 11. e4 Ne8 12. f4 f5 13. Ng3 Nd6 14. d5 Ba6 15. Qc2 Bxc4 16. Bxc4 Naxc4 17. Rd1 fxe4 18. dxe6 dxe6 19. Nxe4 Qe7 20. Ng5 g6 21. Re1 Rf6 22. Ne4 Rf5 23. Ng5 Re8 24. Rxe6 Qd7 25. Rxe8+ Qxe8 26. Nf3 Qe4 27. Qxe4 Nxe4 28. Ra2 Rd5 29. Re2 Rd1+ 30. Re1 Rxe1+ 31. Nxe1 Nxc3 32. Kf2 Na2 33. Nd3 Nxc1 34. Nxc1 Nxa3 35. Ke3 b5 36. Ke4 c4 37. Na2 a5 38. Ke3 b4 0-1

[Event "101st Irish Championship 2022"]
[Site "Dublin"]
[Date "2022.07.09"]
[Round "8.7"]
[White "Kennedy, John"]
[Black "Liu, Jason"]
[Result "1-0"]
[ECO "D11"]
[WhiteElo "2047"]
[BlackElo "1746"]
[Annotator "NA RC"]
[PlyCount "73"]
[EventDate "2022.07.05"]
[EventType "swiss"]
[EventCountry "IRL"]
[SourceTitle "playchess.com"]
[Source "ChessBase"]
[SourceQuality "1"]
[TimeControl "40/6300+30:1800+30"]

1. Nf3 d5 2. g3 c6 3. Bg2 Bg4 4. O-O Nf6 5. d4 Nbd7 6. c4 e6 7. Nc3 Bd6 8. b3 O-O 9. Bb2 Re8 10. Rc1 Rc8 11. Re1 h6 12. e4 dxe4 13. Nxe4 Nxe4 14. Rxe4 Nf6 15. Re3 Qa5 16. h3 Bh5 17. a3 Qd8 18. Qe1 Bxf3 19. Bxf3 Be7 20. b4 Qd7 21. Rd1 b5 22. d5 cxd5 23. Bxf6 Bxf6 24. cxd5 Qe7 25. dxe6 fxe6 26. Bh5 Red8 27. Rxe6 Rxd1 28. Bxd1 Qf8 29. Bb3 Kh8 30. Qe4 Rd8 31. Qg6 Bd4 32. Re2 Qf6 33. Re8+ Rxe8 34. Qxe8+ Kh7 35. Qg8+ Kg6 36. Bc2+ Kg5 37. Qd5+ 1-0

[Event "101st Irish Championship 2022"]
[Site "Dublin"]
[Date "2022.07.09"]
[Round "8.8"]
[White "Fox, Anthony"]
[Black "O'Connell, Gerard"]
[Result "1/2-1/2"]
[ECO "B52"]
[WhiteElo "1945"]
[BlackElo "2052"]
[Annotator "NA RC"]
[PlyCount "45"]
[EventDate "2022.07.05"]
[EventType "swiss"]
[EventCountry "IRL"]
[SourceTitle "playchess.com"]
[Source "ChessBase"]
[SourceQuality "1"]
[TimeControl "40/6300+30:1800+30"]

1. e4 c5 2. Nf3 d6 3. Bb5+ Bd7 4. Bxd7+ Qxd7 5. O-O Nc6 6. Qe2 e6 7. Rd1 Nge7 8. d4 cxd4 9. Nxd4 Nxd4 10. Rxd4 Nc6 11. Rd1 Be7 12. c4 O-O 13. Be3 Rfd8 14. Nc3 Rac8 15. Rac1 Qe8 16. b3 Rd7 17. f3 Qd8 18. f4 Bf6 19. a4 a6 20. Qd2 Na5 21. Qa2 Qc7 22. Ne2 Nc6 23. g4 1/2-1/2

[Event "101st Irish Championship 2022"]
[Site "Dublin"]
[Date "2022.07.09"]
[Round "8.9"]
[White "Keenan, Cathal"]
[Black "Ivanov, Andrey A."]
[Result "1-0"]
[ECO "B38"]
[WhiteElo "1811"]
[BlackElo "2180"]
[Annotator "RC"]
[PlyCount "153"]
[EventDate "2022.07.05"]
[EventType "swiss"]
[EventCountry "IRL"]
[SourceTitle "playchess.com"]
[Source "ChessBase"]
[SourceQuality "1"]
[TimeControl "40/6300+30:1800+30"]

1. e4 c5 2. Nf3 g6 3. d4 cxd4 4. Nxd4 Bg7 5. c4 Nf6 6. Nc3 d6 7. Be2 Nc6 8. Be3 O-O 9. f3 Bd7 10. Qd2 Rc8 11. O-O Nxd4 12. Bxd4 b6 13. Rfd1 Bc6 14. Rac1 Qd7 15. b3 Rfd8 16. Nd5 Bxd5 17. exd5 Qf5 18. Bd3 Qh5 19. Be3 Nd7 20. Re1 Ne5 21. Be2 Qf5 22. h3 Nd7 23. Bd3 Qf6 24. Kh1 Qb2 25. Rc2 Qa3 26. Bg5 Bf6 27. Bxf6 exf6 28. Re7 Ne5 29. f4 Kf8 30. fxe5 Kxe7 31. exf6+ Kd7 32. Qh6 Qb4 33. Kh2 Kc7 34. Qxh7 Rd7 35. Be2 Qe1 36. Bg4 Qe5+ 37. g3 Qxf6 38. Qh6 Rh8 39. Qd2 Re7 40. b4 Qf1 41. c5 Re1 42. cxb6+ Kb8 43. bxa7+ Ka8 44. Qg2 Qxg2+ 45. Kxg2 Re7 46. Be2 Kxa7 47. a4 Kb8 48. Bb5 Re4 49. Rb2 Rd4 50. Bc6 Rh5 51. a5 Re5 52. b5 Re3 53. b6 Rdd3 54. a6 Rxg3+ 55. Kf1 Ra3 56. a7+ Rxa7 57. bxa7+ Kxa7 58. Rb7+ Ka6 59. Rxf7 Rxh3 60. Rf6 Kb6 61. Rxd6 Kc5 62. Rxg6 Ra3 63. Re6 Ra2 64. Re2 Ra1+ 65. Kf2 Kd6 66. Kf3 Rf1+ 67. Ke4 Rf6 68. Kd4 Rf4+ 69. Re4 Rf6 70. Bb5 Rf2 71. Re6+ Kc7 72. Kc5 Rf5 73. Re7+ Kd8 74. Rh7 Rf6 75. d6 Rf5+ 76. Kc6 Rf8 77. Ra7 1-0

[Event "101st Irish Championship 2022"]
[Site "Dublin"]
[Date "2022.07.09"]
[Round "8.10"]
[White "Doyle, Anthony"]
[Black "Goss, Alex"]
[Result "1-0"]
[ECO "A30"]
[WhiteElo "2116"]
[BlackElo "1859"]
[Annotator "NA RC"]
[PlyCount "49"]
[EventDate "2022.07.05"]
[EventType "swiss"]
[EventCountry "IRL"]
[SourceTitle "playchess.com"]
[Source "ChessBase"]
[SourceQuality "1"]
[TimeControl "40/6300+30:1800+30"]

1. Nf3 d5 2. g3 c5 3. c4 Nf6 4. Bg2 Nc6 5. cxd5 Nxd5 6. O-O g6 7. d4 cxd4 8. Nxd4 e5 9. Nxc6 bxc6 10. Nc3 Nxc3 11. Bxc6+ Bd7 12. Bxd7+ Qxd7 13. Qxd7+ Kxd7 14. bxc3 Bg7 15. Rb1 Rab8 16. Be3 a6 17. c4 Rhc8 18. Rfd1+ Kc6 19. c5 Rb5 20. a4 Rb7 21. Rb6+ Kc7 22. Rxa6 Rcb8 23. Rb6 Bf8 24. Rdb1 f5 25. a5 1-0

[Event "101st Irish Championship 2022"]
[Site "Dublin"]
[Date "2022.07.09"]
[Round "8.11"]
[White "O`Gorman, Alice"]
[Black "Murray, Sam"]
[Result "1-0"]
[ECO "A22"]
[WhiteElo "2043"]
[BlackElo "1624"]
[Annotator "NA RC"]
[PlyCount "61"]
[EventDate "2022.07.05"]
[EventType "swiss"]
[EventCountry "IRL"]
[SourceTitle "playchess.com"]
[Source "ChessBase"]
[SourceQuality "1"]
[TimeControl "40/6300+30:1800+30"]

1. c4 e5 2. Nc3 Nf6 3. g3 Bb4 4. e4 O-O 5. Bg2 d6 6. d3 h6 7. Nge2 Bg4 8. h3 Bxe2 9. Qxe2 Nc6 10. O-O Nd4 11. Qd1 a5 12. Be3 Ne6 13. f4 Bc5 14. Qd2 Bxe3+ 15. Qxe3 Nd4 16. Rac1 c6 17. Rf2 Nh7 18. Rcf1 f5 19. fxe5 dxe5 20. exf5 Qc7 21. Ne4 Nf6 22. g4 Nxe4 23. Bxe4 Rf6 24. h4 Raf8 25. g5 hxg5 26. hxg5 Rd6 27. g6 Qe7 28. Rh2 Rfd8 29. Rh8+ Kxh8 30. Qh3+ Kg8 31. Qh7+ 1-0

[Event "101st Irish Championship 2022"]
[Site "Dublin"]
[Date "2022.07.10"]
[Round "9.1"]
[White "Kanyamarala, Tarun"]
[Black "Pang, Khai Jie Ryan"]
[Result "1-0"]
[ECO "E43"]
[WhiteElo "2379"]
[BlackElo "1841"]
[Annotator "RC"]
[PlyCount "65"]
[EventDate "2022.07.05"]
[EventType "swiss"]
[EventCountry "IRL"]
[SourceTitle "playchess.com"]
[Source "ChessBase"]
[SourceQuality "1"]
[TimeControl "40/6300+30:1800+30"]

1. d4 Nf6 2. c4 e6 3. Nc3 Bb4 4. e3 Bxc3+ 5. bxc3 b6 6. Bd3 Bb7 7. f3 c5 8. Ne2 d6 9. e4 Nc6 10. O-O Qc7 11. Be3 O-O-O 12. Nc1 Rdg8 13. Qd2 h6 14. Nb3 g5 15. a4 g4 16. f4 h5 17. e5 Nd7 18. a5 h4 19. axb6 axb6 20. d5 Ne7 21. Ra7 h3 22. g3 f5 23. dxe6 Nf8 24. Na5 bxa5 25. Rb1 Nxe6 26. Rbxb7 Qxb7 27. Rxb7 Kxb7 28. exd6 Nc6 29. Bxf5 Re8 30. Qb2+ Ka8 31. Qb6 Ned8 32. Qa6+ Kb8 33. Qc8+ 1-0

[Event "101st Irish Championship 2022"]
[Site "Dublin"]
[Date "2022.07.10"]
[Round "9.2"]
[White "Daly, Colm"]
[Black "O`Gorman, Tom"]
[Result "1-0"]
[ECO "A24"]
[WhiteElo "2190"]
[BlackElo "2401"]
[Annotator "RC"]
[PlyCount "91"]
[EventDate "2022.07.05"]
[EventType "swiss"]
[EventCountry "IRL"]
[SourceTitle "playchess.com"]
[Source "ChessBase"]
[SourceQuality "1"]
[TimeControl "40/6300+30:1800+30"]

1. c4 e5 2. Nc3 Nc6 3. g3 g6 4. Bg2 Bg7 5. Rb1 a5 6. a3 Nf6 7. d3 d6 8. e4 O-O 9. Nge2 Be6 10. O-O Qd7 11. f4 exf4 12. Bxf4 Bh3 13. Qd2 Bxg2 14. Kxg2 Ne5 15. b3 Nh5 16. d4 Nxf4+ 17. gxf4 Nc6 18. f5 Rfe8 19. Rf3 a4 20. b4 b5 21. cxb5 Na7 22. Qd3 Rab8 23. Rbf1 Nxb5 24. Nxb5 Qxb5 25. Qxb5 Rxb5 26. Nc3 Rbb8 27. f6 Bh6 28. Rd1 c6 29. h4 Kh8 30. Kf2 g5 31. h5 g4 32. Rf5 Re6 33. Kg3 Rg8 34. e5 Rd8 35. d5 cxd5 36. Rxd5 Rc8 37. Ne4 dxe5 38. Rfxe5 Rxe5 39. Rxe5 Bc1 40. Rc5 Rxc5 41. bxc5 Bb2 42. c6 Be5+ 43. Kxg4 Kg8 44. Kf5 Bh2 45. h6 Kf8 46. Ng5 1-0

[Event "101st Irish Championship 2022"]
[Site "Dublin"]
[Date "2022.07.10"]
[Round "9.3"]
[White "Baburin, Alexander"]
[Black "O`cuilleanain, Oisin"]
[Result "1-0"]
[ECO "D78"]
[WhiteElo "2400"]
[BlackElo "1936"]
[Annotator "RC"]
[PlyCount "57"]
[EventDate "2022.07.05"]
[EventType "swiss"]
[EventCountry "IRL"]
[SourceTitle "playchess.com"]
[Source "ChessBase"]
[SourceQuality "1"]
[TimeControl "40/6300+30:1800+30"]

1. d4 Nf6 2. c4 g6 3. Nf3 Bg7 4. g3 O-O 5. Bg2 c6 6. O-O d5 7. Qb3 dxc4 8. Qxc4 Bf5 9. Rd1 Nbd7 10. e3 Qc7 11. Nc3 Nb6 12. Qe2 Ne4 13. Nh4 Nxc3 14. bxc3 Be6 15. e4 Bc4 16. Qc2 e5 17. Nf3 exd4 18. cxd4 c5 19. Bf4 Qe7 20. Rab1 Ba6 21. dxc5 Rfc8 22. Bd6 Qe8 23. e5 Nc4 24. Qe4 b6 25. Bf1 b5 26. a4 Nxd6 27. cxd6 Qd7 28. Bxb5 Bxb5 29. Rxb5 1-0

[Event "101st Irish Championship 2022"]
[Site "Dublin"]
[Date "2022.07.10"]
[Round "9.4"]
[White "O`Donnell, Conor"]
[Black "Carroll, Peter"]
[Result "1-0"]
[ECO "E17"]
[WhiteElo "2269"]
[BlackElo "2116"]
[Annotator "RC"]
[PlyCount "57"]
[EventDate "2022.07.05"]
[EventType "swiss"]
[EventCountry "IRL"]
[SourceTitle "playchess.com"]
[Source "ChessBase"]
[SourceQuality "1"]
[TimeControl "40/6300+30:1800+30"]

1. c4 Nf6 2. Nf3 e6 3. g3 b6 4. Bg2 Bb7 5. O-O Be7 6. Nc3 O-O 7. Re1 d5 8. cxd5 exd5 9. d4 Nbd7 10. Bf4 a6 11. Ne5 c5 12. Nxd7 Qxd7 13. Na4 Qc6 14. Qb3 Nd7 15. e4 c4 16. exd5 Qc8 17. Nxb6 cxb3 18. Nxc8 Bb4 19. Ne7+ Kh8 20. Re3 bxa2 21. Nc6 a5 22. Rxa2 Nf6 23. h3 Rfe8 24. Be5 Nd7 25. Nxb4 axb4 26. Rxa8 Bxa8 27. Bxg7+ Kxg7 28. Rxe8 Kf6 29. Rxa8 1-0

[Event "101st Irish Championship 2022"]
[Site "Dublin"]
[Date "2022.07.10"]
[Round "9.6"]
[White "Flynn, Jacob"]
[Black "Cafolla, Peter"]
[Result "1-0"]
[ECO "D34"]
[WhiteElo "2199"]
[BlackElo "1937"]
[Annotator "RC"]
[PlyCount "105"]
[EventDate "2022.07.05"]
[EventType "swiss"]
[EventCountry "IRL"]
[SourceTitle "playchess.com"]
[Source "ChessBase"]
[SourceQuality "1"]
[TimeControl "40/6300+30:1800+30"]

1. d4 Nf6 2. Nf3 e6 3. c4 c5 4. g3 d5 5. cxd5 exd5 6. Bg2 Nc6 7. O-O Be7 8. Nc3 O-O 9. dxc5 Bxc5 10. Na4 Be7 11. Be3 Re8 12. Rc1 Ne4 13. a3 Be6 14. Nd4 Nxd4 15. Bxd4 b6 16. Nc3 Bf5 17. Qa4 Rc8 18. Qxa7 Nxc3 19. Rxc3 Rxc3 20. bxc3 b5 21. Qb7 Qd7 22. Qxd7 Bxd7 23. Bxd5 Bxa3 24. Ra1 b4 25. cxb4 Bxb4 26. Ra7 Rd8 27. Bb6 Rb8 28. Rxd7 Rxb6 29. Rxf7 Kh8 30. Kg2 g6 31. e4 Bc3 32. Rc7 Bb2 33. f4 Rb5 34. Bc4 Ra5 35. e5 Bxe5 36. fxe5 Rxe5 37. h4 g5 38. Rc8+ Kg7 39. Rg8+ Kh6 40. hxg5+ Rxg5 41. Rxg5 Kxg5 42. Kh3 Kh5 43. Be2+ Kg5 44. Bd1 Kh6 45. Kh4 Kg7 46. Kg5 Kh8 47. Kh6 Kg8 48. Bc2 Kh8 49. g4 Kg8 50. g5 Kh8 51. Bb1 Kg8 52. Bxh7+ Kh8 53. Bg8 1-0

[Event "101st Irish Championship 2022"]
[Site "Dublin"]
[Date "2022.07.10"]
[Round "9.8"]
[White "Liu, Jason"]
[Black "Venkatesan, Kavin"]
[Result "0-1"]
[ECO "B87"]
[WhiteElo "1746"]
[BlackElo "2076"]
[Annotator "RC"]
[PlyCount "66"]
[EventDate "2022.07.05"]
[EventType "swiss"]
[EventCountry "IRL"]
[SourceTitle "playchess.com"]
[Source "ChessBase"]
[SourceQuality "1"]
[TimeControl "40/6300+30:1800+30"]

1. e4 c5 2. Nf3 d6 3. d4 cxd4 4. Nxd4 Nf6 5. Nc3 a6 6. Bc4 e6 7. Bb3 b5 8. Be3 Be7 9. Qe2 O-O 10. O-O-O b4 11. Na4 Qa5 12. Nf3 Nbd7 13. Bd2 Bb7 14. a3 Qb5 15. Nd4 Qxe2 16. Nxe2 Nxe4 17. Be3 bxa3 18. bxa3 d5 19. Kb2 Bc6 20. f3 Nd6 21. Ka2 Bxa4 22. Bxa4 Ne5 23. Bc5 Rfc8 24. Bb4 Nec4 25. Nd4 a5 26. Bxd6 Bxd6 27. Nb5 Be7 28. Rb1 Nb6 29. Na7 Nxa4 30. Nxc8 Rxc8 31. Rb7 Bf6 32. Rc1 g6 33. Ra7 Rb8 0-1